Map: Cactus Valley LE (Void)

Players

Bop - Winner!

  • Race: Protoss Protoss

Temper

  • Race: Zerg Zerg

VOD

Have the link to the VOD?

Description

Time

  • Played on: May 7, 2015, 4:22 a.m.
  • Length: 15:43
Show
View Real Time Build Order
Export as new Build Order

Bop Protoss - Winner!

Build Orders: Nexus First 

Get SALT Encoding   

  12  0:01  Probe  
  13  0:14  Probe  
  14  0:42  Nexus  
  14  0:52  Pylon  
  14  1:10  Probe (Chrono Boost), Gateway  
  15  1:21  Probe (Chrono Boost)  
  16  1:27  Probe (Chrono Boost)  
  17  1:39  Probe (Chrono Boost)  
  18  1:43  Assimilator  
  19  1:47  Probe (Chrono Boost)  
  21  1:54  Probe (Chrono Boost)  
  21  1:56  Probe (Chrono Boost)  
  21  1:58  Cybernetics Core  
  21  2:03  Probe (Chrono Boost)  
  21  2:06  Zealot  
  25  2:10  Probe (Chrono Boost)  
  25  2:14  Gateway  
  26  2:15  Probe (Chrono Boost)  
  26  2:21  Probe (Chrono Boost)  
  26  2:22  Probe (Chrono Boost)  
  28  2:32  Probe x2 (Chrono Boost)  
  28  2:34  Adept, Warp Gate (Chrono Boost)  
  32  2:42  Pylon  
  34  2:44  Probe (Chrono Boost)  
  34  2:48  Probe (Chrono Boost)  
  35  2:51  Probe (Chrono Boost)  
  35  2:55  Probe  
  36  3:00  Assimilator  
  36  3:01  Adept  
  36  3:02  Adept  
  36  3:05  Assimilator  
  40  3:07  Probe (Chrono Boost)  
  40  3:08  Probe (Chrono Boost)  
  42  3:13  Forge  
  44  3:20  Probe x2 (Chrono Boost)  
  44  3:31  Pylon  
  44  3:48  Photon Cannon  
  44  3:49  Probe x2 (Chrono Boost)  
  44  3:51  Pylon  
  46  4:00  Mothership Core (Chrono Boost), Probe (Chrono Boost)  
  49  4:05  Pylon  
  49  4:06  Probe (Chrono Boost)  
  49  4:07  Gateway  
  50  4:14  Gateway  
  50  4:15  Assimilator  
  52  4:18  Probe (Chrono Boost)  
  52  4:19  Protoss Shields Level 1 (Chrono Boost)  
  52  4:21  Probe (Chrono Boost)  
  52  4:26  Stargate  
  52  4:27  Probe  
  52  4:31  Stargate  
  54  4:39  Probe (Chrono Boost)  
  54  4:40  Probe (Chrono Boost)  
  54  4:41  Pylon  
  55  4:51  Probe (Chrono Boost)  
  57  4:54  Probe (Chrono Boost)  
  57  4:57  Probe (Chrono Boost)  
  58  5:02  Probe, Pylon  
  58  5:05  Pylon  
  59  5:09  Probe  
  59  5:14  Probe (Chrono Boost)  
  61  5:21  Probe (Chrono Boost)  
  62  5:22  Oracle x2  
  62  5:26  Probe (Chrono Boost)  
  62  5:28  Fleet Beacon  
  69  5:29  Adept  
  69  5:32  Adept x2  
  69  5:33  Adept  
  77  5:39  Probe x2  
  79  5:47  Nexus  
  79  5:49  Pylon  
  79  5:54  Probe x2 (Chrono Boost)  
  81  6:04  Probe (Chrono Boost), Void Ray (Chrono Boost)  
  82  6:05  Assimilator  
  82  6:09  Assimilator  
  86  6:16  Probe x2, Void Ray (Chrono Boost)  
  90  6:28  Probe (Chrono Boost)  
  90  6:29  Probe (Chrono Boost)  
  90  6:40  Probe x2 (Chrono Boost)  
  90  6:43  Adept x4  
  90  6:46  Probe x2 (Chrono Boost)  
  98  6:51  Void Ray  
  100  6:59  Probe x2  
  102  7:05  Photon Cannon  
  102  7:06  Photon Cannon  
  102  7:07  Pylon  
  102  7:08  Graviton Catapult (Chrono Boost)  
  102  7:11  Probe  
  103  7:22  Pylon x2  
  103  7:23  Carrier (Chrono Boost)  
  103  7:25  Zealot x3  
  103  7:26  Zealot  
  111  7:34  Twilight Council  
  111  7:36  Carrier (Chrono Boost)  
  111  7:44  Gateway  
  111  7:45  Gateway  
  115  8:12  Photon Cannon  
  115  8:13  Photon Cannon  
  115  8:14  Photon Cannon  
  115  8:15  Carrier (Chrono Boost)  
  115  8:17  Templar Archives  
  115  8:29  Carrier (Chrono Boost)  
  127  8:46  Adept  
  129  8:51  Shield Upgrade, Pylon  
  129  8:54  Protoss Shields Level 2 (Chrono Boost), Pylon  
  129  8:56  Pylon  
  129  8:58  Protoss Air Weapons Level 1  
  129  9:02  Carrier (Chrono Boost)  
  129  9:15  Nexus  
  129  9:20  Robotics Facility  
  129  9:23  Carrier (Chrono Boost)  
  135  9:26  Pylon  
  135  9:28  Pylon  
  138  9:55  Carrier (Chrono Boost)  
  138  9:58  Charge (Chrono Boost)  
  138  9:59  Photon Cannon  
  138  10:01  Photon Cannon  
  138  10:03  Photon Cannon  
  141  10:17  Adept x4  
  137  10:27  Probe x2 (Chrono Boost)  
  137  10:28  Probe (Chrono Boost)  
  133  10:31  High Templar x2  
  133  10:33  Probe (Chrono Boost)  
  131  10:37  Probe (Chrono Boost)  
  131  10:40  High Templar x3  
  131  10:41  Archon  
  138  10:43  Probe (Chrono Boost)  
  138  10:45  Assimilator  
  138  10:46  Assimilator  
  138  10:47  Probe (Chrono Boost)  
  138  10:48  Probe (Chrono Boost)  
  141  10:50  Archon, Carrier (Chrono Boost)  
  141  10:52  High Templar  
  143  10:58  Archon  
  143  11:11  Adept x2  
  153  11:17  Pylon  
  153  11:19  Dark Shrine  
  153  11:23  Photon Cannon  
  153  11:24  Photon Cannon  
  153  11:28  Psionic Storm  
  153  11:29  Adept x2  
  153  11:30  Adept  
  153  11:32  Carrier (Chrono Boost)  
  155  11:46  High Templar x2  
  159  11:49  Zealot  
  161  11:55  Pylon  
  163  12:03  Adept  
  163  12:04  Adept x2  
  163  12:07  Pylon  
  169  12:15  Gateway x2  
  169  12:26  Pylon  
  169  12:27  Pylon  
  169  12:28  Adept  
  169  12:29  Adept x4  
  175  12:45  High Templar  
  175  12:50  High Templar x4  
  175  12:51  High Templar  
  187  12:55  Archon x2  
  187  12:56  Archon  
  183  13:22  Adept x3  
  189  13:31  Adept  
  189  13:32  Adept  
  187  13:40  Protoss Ground Weapons Level 1 (Chrono Boost)  
  187  13:42  Nexus  
  187  13:43  Pylon  
  187  13:47  Observer (Chrono Boost)  
  188  14:03  High Templar x6  
  200  14:43  Archon  
  200  14:44  Archon x2  
  200  14:53  Assimilator  
  200  14:58  Assimilator  
  200  15:01  Photon Cannon  
  200  15:03  Photon Cannon  
  200  15:05  Photon Cannon  
  200  15:25  Dark Shrine  
Show
View Real Time Build Order
Export as new Build Order

Temper Zerg 

Build Orders: Pool First 

Get SALT Encoding   

  12  0:01  Drone  
  13  0:13  Drone  
  14  0:17  Overlord  
  14  0:34  Spawning Pool  
  13  0:38  Drone  
  13  0:41  Drone  
  15  0:45  Drone  
  16  0:51  Drone  
  16  0:56  Extractor  
  16  0:59  Drone  
  17  1:10  Drone  
  18  1:20  Queen  
  18  1:22  Drone  
  21  1:38  Hatchery  
  20  1:43  Drone  
  20  1:44  Drone  
  22  1:57  Metabolic Boost  
  22  1:59  Overlord  
  22  2:07  Overlord  
  22  2:15  Overlord  
  22  2:26  Drone  
  23  2:37  Drone x3  
  23  2:38  Drone  
  23  2:42  Baneling Nest  
  26  2:46  Drone  
  29  2:54  Queen  
  29  3:03  Zergling x6  
  29  3:04  Zergling x4  
  34  3:06  Drone  
  34  3:07  Drone  
  34  3:11  Drone  
  37  3:23  Drone x2  
  37  3:26  Lair  
  39  3:27  Drone  
  39  3:32  Drone x2  
  42  3:47  Overlord  
  42  3:49  Overlord  
  42  3:56  Hatchery  
  39  4:02  Evolution Chamber  
  39  4:07  Drone x2  
  39  4:08  Drone x3  
  43  4:22  Extractor  
  43  4:23  Evolution Chamber  
  41  4:24  Extractor  
  41  4:25  Drone x5, Extractor  
  41  4:26  Drone  
  45  4:36  Drone x4  
  49  4:38  Zerg Missile Weapons Level 1  
  49  4:45  Drone  
  50  4:52  Zerg Ground Armor Level 1  
  50  4:55  Drone, Roach Warren  
  50  4:56  Drone  
  50  4:59  Drone  
  52  5:04  Drone x3  
  51  5:28  Drone x5  
  51  5:29  Drone x7  
  60  5:43  Zergling x14  
  66  5:57  Zergling x6  
  66  6:00  Glial Reconstitution  
  69  6:16  Queen  
  71  6:23  Hatchery  
  68  6:30  Queen x2  
  68  6:31  Spore Crawler  
  68  6:33  Spore Crawler  
  68  6:35  Drone x12, Spore Crawler  
  60  7:05  Hydralisk Den  
  59  7:10  Drone x12  
  59  7:13  Extractor  
  59  7:15  Extractor  
  69  7:26  Zerg Ground Armor Level 2, Zerg Missile Weapons Level 2  
  69  7:40  Hydralisk  
  69  7:41  Hydralisk x4  
  79  7:51  Overlord x7  
  79  7:52  Overlord  
  79  8:15  Hydralisk  
  79  8:16  Hydralisk x3, Roach x4  
  79  8:17  Hydralisk x4, Roach  
  105  8:24  Muscular Augments  
  105  8:28  Drone x4  
  108  8:43  Drone x5  
  108  8:47  Infestation Pit  
  112  8:54  Hydralisk x2  
  112  8:55  Hydralisk x6  
  128  9:11  Hydralisk x4  
  128  9:12  Hydralisk x3  
  92  10:28  Hydralisk  
  92  10:29  Hydralisk x18  
  120  10:42  Infestor x4  
  128  10:57  Hive  
  128  10:58  Hydralisk x5  
  128  10:59  Hydralisk  
  128  11:00  Hatchery  
  139  11:10  Drone x5, Extractor  
  139  11:11  Drone, Extractor  
  133  11:44  Hydralisk x2  
  133  11:45  Hydralisk x3  
  143  11:48  Overlord x3  
  143  11:49  Overlord x6  
  114  12:11  Hydralisk x16  
  114  12:12  Hydralisk  
  146  12:22  Hydralisk x4  
  148  12:23  Hydralisk x4  
  154  12:53  Hydralisk x14  
  154  12:54  Hydralisk  
Tags
 
Add a new tag
Caveats
  • Supply blocks, unpowered buildings, or Contaminate may cause inaccurate times.
  • Supply counts are checked every 10 seconds.